 Dungeon Crawl Stone Soup version 0.27.1-2-g3b301248ec (webtiles) character file.

Game seed: 5498478036411393996

229 H0rd4k the Charlatan (level 6, -2/44 HPs)
             Began as a Human Artificer on Oct 4, 2021.
             Slain by a killer bee (5 damage)
             ... on level 4 of the Dungeon.
             The game lasted 00:04:27 (4450 turns).

H0rd4k the Charlatan (Human Artificer)              Turns: 4450, Time: 00:04:29

Health: -2/44      AC:  4    Str: 13    XL:     6   Next: 23%
Magic:  6/6        EV: 11    Int: 17    God:
Gold:   159        SH:  0    Dex: 13    Spells: 5/5 levels left

rFire    . . .     SeeInvis .   j - +1 dagger (venom)
rCold    . . .     Faith    .   (no shield)
rNeg     . . .     Spirit   .   b - +0 leather armour
rPois    .         Reflect  .   a - +0 helmet
rElec    .         Harm     .   (no cloak)
rCorr    .         Rampage  .   (no gloves)
Will     .....                  (no boots)
Stlth    +.........             l - amulet "Ciawigup" {RegenMP Int+4}
HPRegen  0.14/turn              (no ring)
MPRegen  0.35/turn              (no ring)

@: confused, lethally poisoned (-2 -> -23), ambrosia-drunk
A: no striking features
a: no special abilities


You were on level 4 of the Dungeon.
You visited 1 branch of the dungeon, and saw 4 of its levels.

You collected 159 gold pieces.

Inventory:

Hand Weapons
 g - a +0 short sword
 j - a +1 dagger of venom (weapon)
Missiles
 i - 15 poisoned darts
Armour
 a - a +0 helmet (worn)
 b - a +0 leather armour (worn)
Jewellery
 l - the amulet "Ciawigup" (around neck) {RegenMP Int+4}
   (You found it on level 4 of the Dungeon)

   [amulet of magic regeneration]

   It increases your rate of magic regeneration.
   Int:       It affects your intelligence (+4).
Wands
 c - a wand of flame (6) (quivered)
 d - a wand of charming (12)
Scrolls
 k - 3 scrolls of identify {unknown}
Potions
 f - a potion of lignification
 m - a potion of magic {unknown}
Miscellaneous
 e - a piece from Xom's chessboard (15/15)


   Skills:
 + Level 2.0 Fighting
 + Level 2.9 Short Blades
 + Level 2.7 Armour
 + Level 1.9 Dodging
 + Level 2.6 Stealth
 + Level 3.8 Evocations


You had 5 spell levels left.
You didn't know any spells.
Your spell library was empty.

Dungeon Overview and Level Annotations

Branches:
Dungeon (4/15)
 Temple: D:4-7

Altars:

Shops:
D:4 **

Annotations:
D:3 1 runed translucent door, exclusion: door, Crazy Yiuf
D:4 exclusion: killer bee


Message History

A killer bee comes into view.
A killer bee is nearby!
The killer bee misses you. x2
You closely miss the killer bee. The killer bee stings you. x2
You hit the killer bee but do no damage.
The killer bee stings you.
You are poisoned.
The killer bee poisons you!
You closely miss the killer bee.
You feel sick. The killer bee barely misses you. The killer bee stings you.
You are more poisoned.
The killer bee poisons you!
You barely miss the killer bee.
You feel very sick. The killer bee barely misses you.
The killer bee stings you.
You are lethally poisoned!
The killer bee poisons you!
You hit the killer bee.
The killer bee is poisoned.
The killer bee is lightly wounded.
You feel very sick. The killer bee stings you.
You are more poisoned.
The killer bee poisons you!
You hit the killer bee.
The killer bee looks as sick as possible!
The killer bee is moderately wounded.
* * * LOW HITPOINT WARNING * * *
You feel very sick. The killer bee misses you. The killer bee stings you.
* * * LOW HITPOINT WARNING * * *
You are more poisoned.
The killer bee poisons you!
Unknown command.
It was a potion of ambrosia.
You are confused.
You feel invigorated.
* * * LOW HITPOINT WARNING * * *
You feel very sick. The killer bee stings you.
You die...

#.###..............###..
...
....#.(..................
.y.
.........#............#..
......##.#...........## .
......................#..
...## ...................
....###..##.....†.....#
##.# #..##............#..
## ( ##.#.......@y.......
.#####..................#
.#♣∩♣#......##..........#
............##...".......
......#.##..#............
........##.##............
.#♣∩♣#....)..(...........
.#####...#####...........
.#........# #.


You could see a killer bee (extremely poisoned).

Vanquished Creatures
  Ijyb (D:3)
  Natasha (thrice) (D:3)
  A gnoll (D:3)
  3 adders
  3 worms
  5 dart slugs
  2 orcs (D:3)
  8 ball pythons
  5 endoplasms
  2 giant cockroaches (D:3)
  4 hobgoblins
  2 jackals (D:3)
  5 kobolds
  A quokka (D:4)
  4 bats
  4 frilled lizards
  5 goblins
  5 rats
63 creatures vanquished.

Vanquished Creatures (collateral kills)
  3 gnolls (D:3)
3 creatures vanquished.

Vanquished Creatures (others)
  An endoplasm (D:2)
  2 fungi (D:3)
3 creatures vanquished.

Grand Total: 69 creatures vanquished

Notes
Turn   | Place    | Note
-------+----------+-------------------------------------------
     0 | D:1      | H0rd4k the Human Artificer began the quest for the Orb.
     0 | D:1      | Reached XP level 1. HP: 15/15 MP: 1/1
   251 | D:1      | Reached XP level 2. HP: 2/21 MP: 2/2
  1296 | D:2      | Reached XP level 3. HP: 4/26 MP: 3/3
  1872 | D:2      | Reached XP level 4. HP: 14/32 MP: 4/4
  2755 | D:2      | Reached skill level 1 in Short Blades
  3001 | D:3      | Found a faded altar of an unknown god.
  3199 | D:3      | Reached XP level 5. HP: 35/37 MP: 5/5
  3294 | D:3      | Noticed Ijyb
  3334 | D:3      | Killed Ijyb
  3479 | D:3      | Noticed Natasha
  3492 | D:3      | Killed Natasha
  4100 | D:3      | Noticed Natasha
  4108 | D:3      | Killed Natasha
  4109 | D:3      | Reached XP level 6. HP: 39/44 MP: 6/6
  4159 | D:3      | Found a runed translucent door.
  4160 | D:3      | Noticed Crazy Yiuf
  4191 | D:3      | Noticed Natasha
  4199 | D:3      | Killed Natasha
  4393 | D:4      | Found Witsenen's General Store.
  4398 | D:4      | Found Lomeore's Specific Store.
  4410 | D:4      | Identified the amulet "Ciawigup" {RegenMP Int+4}
  4450 | D:4      | Slain by a killer bee

Illustrated notes

Levels and vault maps discovered:
D:1:      matt_arrival_diagonals, layout_loops_ring, minmay_misc_feat_five
D:2:      layout_basic
D:3:      layout_basic, basic_ecumenical_altar, uniq_ijyb, uniq_natasha,
          uniq_crazy_yiuf_cottage
D:4:      layout_cave_pools, mainiacjoe_overflow_small_starburst,
          nicolae_specific_store

Skill      XL: |  1  2  3  4  5  6 |
---------------+-------------------+-----
Short Blades   | 2 |  2.9
Stealth        | 2 |  2.6
Fighting       | 2 |  2.0
Armour         | |  2.7
Dodging        | |  1.9
Evocations     | |  3.8

Action                   |  1- 3 |  4- 6 || total
-------------------------+-------+-------++-------
Melee: Short sword       |    86 |    39 ||   125
       Club              |     4 |       ||     4
       Dagger            |       |   112 ||   112
Evoke: Wand              |    10 |     2 ||    12
  Use: Potion            |     1 |     1 ||     2
 Stab: Sleeping          |     3 |     6 ||     9
       Distracted        |     1 |       ||     1
Armor: Leather armour    |    26 |    26 ||    52
       Skin              |     2 |       ||     2
Dodge: Dodged            |    60 |    57 ||   117
